 Dungeon Crawl Stone Soup version 0.31-a0-177-g4aa6249778 (webtiles) character file.

Game seed: 10303667365301855453

189 innerfire43 the Poker (level 5, -8/41 HPs)
             Began as a Demonspawn Monk on June 18, 2023.
             Was a Follower of Ru.
             Mangled by an ogre
             ... wielding a +0 giant club
              (16 damage)
             ... on level 4 of the Dungeon.
             The game lasted 00:04:56 (2828 turns).

innerfire43 the Poker (Demonspawn Monk)             Turns: 2828, Time: 00:04:57

Health: -8/41      AC: 11    Str: 20    XL:     5   Next: 40%
Magic:  5/5        EV:  5    Int: 11    God:    Ru [*.....]
Gold:   170        SH:  6    Dex: 17    Spells: 4/4 levels left

rFire   . . .        a - +0 spear
rCold   . . .        r - +2 buckler
rNeg    . . .        k - +0 plate armour
rPois   .            (no helmet)
rElec   .            (no cloak)
rCorr   .            (no gloves)
SInv    .            (no boots)
Will    .....        (no amulet) Stlth
                     v - +6 ring of strength
HPRegen 0.26/turn    (no ring)
MPRegen 0.09/turn

%: no passive effects
@: no status effects
A: claws 1, thin skeletal structure 1, powered by death 2, inability to train
dodging
a: Renounce Religion


You were on level 4 of the Dungeon.
You worshipped Ru.
Ru was aware of your devotion.
You visited 1 branch of the dungeon, and saw 4 of its levels.

You collected 170 gold pieces.

Inventory:

Hand Weapons
 a - a +0 spear (weapon)
 c - a +0 short sword of venom
Armour
 b - a +0 robe
 d - an orb of light
 k - a +0 plate armour (worn)
 r - a +2 buckler (worn)
Jewellery
 v - a +6 ring of strength (left claw)
Wands
 l - a wand of charming (3)
Scrolls
 e - a scroll of brand weapon {unknown}
 f - 2 scrolls of immolation {unknown}
 h - 2 scrolls of amnesia {unknown}
 i - 3 scrolls of identify {unknown}
 j - 2 scrolls of poison {unknown}
 m - a scroll of vulnerability {unknown}
 n - 2 scrolls of blinking {unknown}
 p - a scroll of fog {unknown}
 t - a scroll of enchant weapon {unknown}
 u - a scroll of teleportation {unknown}
Potions
 o - a potion of haste {unknown}
 q - a potion of cancellation {unknown}
 s - a potion of enlightenment {unknown}


   Skills:
 - Level 3.3 Fighting
 + Level 4.4 Polearms
 * Level 2.3 Armour
 + Level 0.3 Shields
 + Level 0.1 Evocations


You had 4 spell levels left.
You didn't know any spells.
Your spell library contained the following spells:

 Spells                   Type           Power      Damage    Failure   Level
 Poisonous Vapours        Pois/Air       0%         N/A       100%        2
 Mephitic Cloud           Conj/Pois/Air  0%         N/A       100%        3
 Freezing Cloud           Conj/Ice/Air   0%         6-21      100%        5


Dungeon Overview and Level Annotations

Branches:
Dungeon (4/15)
 Temple: D:4-7

Altars:
Makhleb
Ru


Innate Abilities, Weirdness & Mutations

You have sharp fingernails.
You have a somewhat thin skeletal structure. (Dex +2, Stealth+)
You regenerate health from kills.
You cannot train Dodging skill.


Message History

No target in view!
No target in view!
i - 3 scrolls labelled GATHAC VEAM (gained 1)
A goblin comes into view. It is wielding a +0 dagger of freezing.
The goblin shouts!
You hear a shout! x2
You reach to attack!
You barely miss the goblin. You hit the goblin.
You kill the goblin!
No target in view!
No target in view!
No target in view!
You feel stronger.
v - a +6 ring of strength (left claw)
Things that are here:
a +0 dagger of freezing; a goblin corpse An ogre comes into view.
It is wielding a +0 giant club.
An ogre is nearby!
You reach to attack!
You hit the ogre.
The ogre is lightly wounded.
The ogre attacks as you move away! You block the ogre's attack.
Things that are here:
a +0 dagger of freezing; a goblin corpse
Aiming: Mindburst
Press: ? - help, Shift-Dir - straight line, f/p - ogre
Aim: an ogre, wielding a +0 giant club (lightly wounded, chance to affect: 64%)
The ogre's mind is blasted!
The ogre hits you with a +0 giant club!!
Ouch! That really hurt!
Aiming: Mindburst
Press: ? - help, Shift-Dir - straight line, f/p - ogre
Aim: an ogre, wielding a +0 giant club (heavily wounded, chance to affect: 64%)
The ogre's mind is blasted!
The now-empty wand crumbles to dust.
You barely miss the ogre.
The ogre is almost dead.
The ogre hits you with a +0 giant club!
* * * LOW HITPOINT WARNING * * *
You hit the ogre but do no damage.
The ogre is almost dead.
The ogre hits you with a +0 giant club!
You die...

##.# . ##... .. .# .
....## .###.. #. .....
...... #. ..##...##....#
. .............# ......
.#.........## ##....## ..
..?#O....... .....#. ....
..#@......#####...#.
.....#.#.................
.....#.#......#..........
.........................
..............#######....
............)............
..##.#.#.#.##....#####..#
. #.......#.....######..
#####................#


You could see an ogre.

Vanquished Creatures
  A howler monkey (D:4)
  Ijyb (D:3)
  3 gnolls (D:4)
  2 adders
  An ufetubus (D:3)
  3 worms (D:2)
  A dart slug (D:2)
  An orc (D:4)
  8 ball pythons
  6 bats
  3 endoplasms
  2 giant cockroaches (D:1)
  8 goblins
  4 hobgoblins
  3 jackals
  6 kobolds
  4 quokkas
  7 frilled lizards
  4 rats
68 creatures vanquished.

Notes
Turn   | Place    | Note
-------+----------+-------------------------------------------
     0 | D:1      | innerfire43 the Demonspawn Monk began the quest for the
                  | Orb.
     0 | D:1      | Reached XP level 1. HP: 18/18 MP: 1/1
   254 | D:1      | Gained mutation: You regenerate a little health from kills.
                  | [demonic ancestry]
   254 | D:1      | Reached XP level 2. HP: 24/24 MP: 2/2
   259 | D:1      | Reached skill level 3 in Polearms
   657 | D:1      | Gained mutation: You have a somewhat thin skeletal
                  | structure. (Dex +2, Stealth+) [demonic ancestry]
   657 | D:1      | Reached XP level 3. HP: 29/29 MP: 3/3
  1596 | D:2      | Reached skill level 1 in Armour
  1614 | D:2      | Gained mutation: You regenerate health from kills. [demonic
                  | ancestry]
  1614 | D:2      | Reached XP level 4. HP: 35/35 MP: 4/4
  2120 | D:3      | Reached skill level 4 in Polearms
  2209 | D:3      | Found a sacrificial altar of Ru.
  2218 | D:3      | Found a burning altar of Makhleb.
  2305 | D:3      | Noticed Ijyb
  2332 | D:3      | HP: 1/35 [disintegration (13)]
  2396 | D:3      | Killed Ijyb
  2413 | D:3      | Became a worshipper of Ru the Awakened
  2418 | D:3      | Gained mutation: You cannot train Dodging skill. [Ru
                  | sacrifice]
  2418 | D:3      | Reached * piety under Ru
  2728 | D:4      | Gained mutation: You have sharp fingernails. [demonic
                  | ancestry]
  2728 | D:4      | Reached XP level 5. HP: 41/41 MP: 5/5
  2822 | D:4      | Noticed an ogre
  2828 | D:4      | Mangled by an ogre

Illustrated notes

Levels and vault maps discovered:
D:1:      dpeg_arrival_arbitrary_a, layout_basic, fountainhead,
          minmay_tetromino_i2
D:2:      layout_loops_corners
D:3:      layout_basic, mainiacjoe_overflow_swirl, chequers_serial_rivers_marsh,
          uniq_ijyb
D:4:      layout_rooms, mainiacjoe_overflow_small_starburst

Skill      XL: |  1  2  3  4 |
---------------+-------------+-----
Polearms       | 3 4 |  4.4
Dodging        | 3 0 |  0.0
Armour         | 1 2 |  2.3
Fighting       | |  3.3
Shields        | |  0.3
Evocations     | |  0.1

Action                     |  1- 3 |  4- 6 || total
---------------------------+-------+-------++-------
  Melee: Spear             |   158 |   121 ||   279
 Invoke: Sacrifice Nimblen |       |     1 ||     1
  Evoke: Wand              |       |     4 ||     4
    Use: Potion            |     1 |     6 ||     7
 Armour: Robe              |     7 |       ||     7
         Plate armour      |    45 |    42 ||    87
  Dodge: Dodged            |    50 |    14 ||    64
  Block: Buckler           |       |    30 ||    30

Table legend: (Time is in decaauts)
 A = Elapsed time spent in this place.
 B = Non-inter-level travel time spent in this place.
 C = Inter-level travel time spent in this place.
 D = Time resting spent in this place.
 E = Time spent auto-exploring this place.
 F = Levels seen in this place.
 G = Mean time per level.
                   A        B        C        D        E       F      G
               +--------+--------+--------+--------+--------+-----+--------+
         Total |   2825 |   2609 |    216 |      0 |   2047 |   4 |  706.2 |
       Dungeon |   2825 |   2609 |    216 |      0 |   2047 |   4 |  706.2 |
               +--------+--------+--------+--------+--------+-----+--------+

Top non-repeatable levels by time:
     D:3: 962 daAuts
     D:2: 937 daAuts
     D:1: 781 daAuts
     D:4: 144 daAuts
